Map: Void Thrashing

Players

NamroodTuo

  • Race: Zerg Zerg

SchattenWolf

  • Race: Terran Terran

VOD

Have the link to the VOD?

Description

Time

  • Played on: March 27, 2023, 11:30 a.m.
  • Length: 15:28
Show
View Real Time Build Order
Export as new Build Order

NamroodTuo Zerg 

Build Orders:  

Get SALT Encoding   

  12  0:22  Infested Barracks  
  12  0:26  Infested SCV  
  13  0:39  Infested SCV  
  14  0:40  Infested SCV  
  15  0:57  Overlord  
  15  1:24  Infestation Level 1  
  15  1:25  Infested SCV  
  15  1:27  Infested SCV  
  17  1:32  Infested SCV  
  17  1:38  Infested SCV  
  19  1:45  Infested SCV  
  20  1:53  Infested SCV  
  21  2:07  Infested Refinery  
  21  2:09  Infested SCV  
  22  2:22  Infested Refinery  
  22  2:26  Infested Engineering Bay  
  22  2:29  Overlord  
  22  2:45  Infested SCV  
  23  2:55  Infested Barracks Tech Lab  
  23  2:57  Infested SCV  
  24  3:14  Infested SCV  
  25  3:22  Infested Marine x4  
  25  3:23  Infested Marine x2  
  25  3:27  Retinal Augmentation  
  31  3:50  Infestation Level 2  
  31  4:09  Overlord  
  31  4:13  Overlord  
  31  4:17  Overlord  
  31  4:19  Stukov Infantry Weapons Level 1  
  31  4:45  Infested SCV x2  
  27  5:20  Infested Command Center  
  27  5:24  Infested SCV x3  
  30  5:37  Infested SCV  
  31  5:50  Anaerobic Enhancement  
  31  6:08  Overlord  
  31  6:27  Infested Factory  
  31  6:51  Broodling Gestation  
  31  6:59  Regenerative Plating  
  31  7:02  Infested Refinery  
  31  7:04  Infested SCV x3, Infested Refinery  
  31  7:09  Unknown  
  34  7:15  Overlord x3  
  34  7:27  Infested SCV  
  35  7:33  Infested SCV  
  36  7:46  Infested SCV x3  
  36  7:48  Infested SCV  
  40  7:52  Overseer x2  
  40  7:59  Stukov Infantry Armor Level 1  
  40  8:13  Infested Armory  
  40  8:26  Infested SCV, Infested Bunker  
  40  8:29  Infested SCV  
  46  8:32  Infested SCV  
  46  8:35  Infested SCV  
  48  9:12  Infested Marine x8  
  48  9:13  Infested Marine x12  
  68  9:23  Infested SCV x2  
  68  9:24  Infested SCV, Infested Bunker  
  75  10:16  Infested Bunker  
  75  10:18  Infested SCV x4  
  75  10:19  Aggressive Incubation  
  83  10:39  Stukov Infantry Weapons Level 2  
  87  10:40  Plagued Munitions  
  87  10:47  Infested Bunker  
  86  11:01  Infested Marine x4  
  86  11:02  Infested Marine x13  
  88  11:11  Infested Bunker  
  92  11:33  Infested Bunker  
  92  11:53  Infested SCV x2  
  92  11:54  Infested SCV x2  
  92  11:55  Overlord  
  92  11:59  Overlord x2  
  92  12:00  Overlord x3  
  90  12:32  Infested Marine  
  90  12:33  Infested Marine x16  
  107  12:48  Infested Bunker  
  112  12:50  Infested Bunker  
  112  12:59  Infested Marine  
  105  13:00  Infested Marine x7  
  112  13:12  Infested Barracks  
  112  13:19  Infested Barracks  
  112  13:24  Infested Barracks  
  112  13:33  Infested SCV  
  112  13:35  Overlord  
  112  13:36  Overlord  
  113  13:49  Calcified Armor  
  113  13:59  Infested Marine x6  
  119  14:00  Infested Marine x6  
  125  14:28  Infested Marine  
  125  14:29  Infested Marine x14  
  123  14:36  Infested Marine x4  
  126  14:41  Infested Marine  
  126  14:42  Infested Marine x5  
  125  14:51  Infested Marine  
  125  14:52  Infested Marine x7  
  133  15:00  Infested Marine x2  
  133  15:01  Infested Marine x4  
  133  15:05  Infested Marine  
  133  15:06  Infested Marine x3  
Show
View Real Time Build Order
Export as new Build Order

SchattenWolf Terran 

Build Orders:  

Get SALT Encoding   

  12  0:16  SCV  
  12  0:17  Refinery  
  13  0:28  Refinery  
  13  0:33  SCV  
  14  0:56  Engineering Bay  
  14  0:57  SCV  
  15  1:14  SCV  
  16  1:31  SCV  
  17  1:44  Outlaw Weapons Level 1  
  17  1:47  Engineering Bay  
  17  1:53  SCV  
  14  2:10  SCV  
  19  2:23  Outlaw Life and Armor Level 1  
  19  2:36  Gunslingers Hideout  
  19  2:41  SCV  
  20  3:00  SCV  
  20  3:01  Tychus  
  21  3:22  SCV  
  21  3:23  Fixers Safehouse  
  22  3:39  SCV  
  23  3:56  SCV  
  24  4:04  Muscle Armory  
  24  4:13  SCV  
  24  4:19  Outlaw Weapons Level 2  
  25  4:30  SCV  
  25  4:35  Outlaw Life and Armor Level 2  
  26  4:47  SCV  
  27  5:03  SCV  
  28  5:32  Command Center  
  28  5:48  SCV  
  29  6:05  SCV  
  30  6:22  SCV  
  31  6:39  SCV  
  32  6:56  SCV  
  33  7:13  SCV x2  
  35  7:21  Medivac Platform  
  35  7:29  SCV x2  
  37  7:46  SCV x2  
  39  8:03  SCV x2  
  41  8:11  Outlaw Life and Armor Level 3, Outlaw Weapons Level 3  
  41  8:20  SCV x2  
  43  8:37  SCV x2, Refinery x2  
  45  8:54  SCV x2  
  47  9:11  SCV x2  
  49  9:28  SCV x2  
  51  9:45  SCV  
  52  9:51  Lt Layna Nikara  
  62  10:35  Kel-Morian Ripper Rounds  
  62  10:37  KD9a Implosion Core  
  62  10:51  Flashforce GDM Visor  
  62  11:44  Miles Blaze Lewis  
  71  12:53  Procyon Twin Heal Beam Gauntlet  
  71  12:54  Procyon Serum  
  71  13:15  Umojan Repair Nanites  
  71  14:57  Vanadium Shell  
  71  14:59  Wildflame Fuel Additives  
  71  15:00  Hades Oil  
Tags
 
Commander
StukovTychus
Matchup
Co-op
Replay Pack
Multiplayer
Add a new tag
Caveats
  • Supply blocks, unpowered buildings, or Contaminate may cause inaccurate times.
  • Supply counts are checked every 10 seconds.